 Dungeon Crawl Stone Soup version 0.27-a0-1612-gde56a17b89 (webtiles) character file.

Game seed: 1430853760617998382

359 robertstho the Magician (level 6, -4/41 HPs)
             Began as a Djinni Fire Elementalist on July 21, 2021.
             Hit by a boomerang thrown by Edmund (5 damage)
             ... on level 4 of the Dungeon.
             The game lasted 00:06:26 (3917 turns).

robertstho the Magician (Djinni Fire Elementalist)  Turns: 3917, Time: 00:06:27

Health: -4/41      AC:  2    Str:  7    XL:     6   Next: 97%
Gold:   212        EV: 13    Int: 19    God:
                   SH:  0    Dex: 13

rFire    + + +     SeeInvis .   l - +1 dagger (flame)
rCold    x . .     Faith    .   (no shield)
rNeg     . . .     Spirit   .   a - +0 robe
rPois    ∞         Reflect  .   (no helmet)
rElec    .         Harm     .   (no cloak)
rCorr    .         Rampage  .   (no gloves)
Will     .....                  (boots unavailable)
Stlth    ++........             (no amulet)
HPRegen  0.13/turn              d - ring of protection from fire
MPRegen  0.00/turn              (no ring)

@: about to teleport, flying
A: sickness immunity, fire resistance 2, cold vulnerability 1, float, innate
caster, hp casting, extra vitality 1
a: no special abilities


You were on level 4 of the Dungeon.
You visited 1 branch of the dungeon, and saw 4 of its levels.

You collected 212 gold pieces.

Inventory:

Hand Weapons
 c - a +0 dagger
 l - a +1 dagger of flaming (weapon)
 n - a +1 dagger of holy wrath
Armour
 a - a +0 robe (worn)
Jewellery
 d - a ring of protection from fire (left hand)
 k - a ring of see invisible
Scrolls
 h - 2 scrolls of teleportation
Potions
 f - 2 potions of haste {unknown}
 i - a potion of invisibility {unknown}
 j - a potion of ambrosia {unknown}


   Skills:
 + Level 0.6 Fighting
 + Level 3.3 Dodging
 + Level 2.0 Stealth
 * Level 5.1 Spellcasting


You couldn't memorise any spells.
You knew the following spells:

 Your Spells              Type           Power      Damage    Failure   Level
a - Foxfire               Conj/Fire      96%        2x1d8     1%          1
b - Conjure Flame         Conj/Fire      24%        6-21      4%          3
c - Inner Flame           Hex/Fire       24%        N/A       4%          3
d - Sticky Flame          Conj/Fire      24%        2d5       16%         4
e - Fireball              Conj/Fire      12%        3d7       38%         5
f - Animate Skeleton      Necr           48%        N/A       1%          1
g - Blink                 Tloc           N/A        N/A       2%          2
Your spell library was empty.

Dungeon Overview and Level Annotations

Branches:
Dungeon (4/15)
 Temple: D:4-7

Altars:
Elyvilon

Annotations:
D:4 Edmund, Menkaure


Innate Abilities, Weirdness & Mutations

You are immune to sickness and miasma.
You are immune to poison.
Your flesh is very heat resistant. (rF++)
You are vulnerable to cold. (rC-)
You float through the air rather than walking.
You learn spells naturally, not from books.
Your magical power is your life essence.
You have superior vitality. (+4 HP)


Message History

Unknown command.
Casting: Foxfire (safe; 1% risk of failure)
Press: ? - help, Q - select action, (/) - cycle Dir - look around, f - activate You conjure some foxfire!
The foxfire hits the hound.
The hound is moderately wounded.
The foxfire hits Edmund!
Edmund is lightly wounded.
Casting: Foxfire (safe; 1% risk of failure)
Press: ? - help, Q - select action, (/) - cycle Dir - look around, f - activate You conjure some foxfire!
The foxfire hits the hound.
The hound is heavily wounded.
The foxfire hits the hound.
The hound is almost dead.
The hound barely misses you.
Unknown command.
The foxfire hits the hound.
You kill the hound!
The jackal bites you.
Casting: Foxfire (safe; 1% risk of failure)
Press: ? - help, Q - select action, (/) - cycle Dir - look around, f - activate You conjure some foxfire!
Edmund drinks a potion.
Edmund seems to grow stronger.
The jackal bites you.
* * * LOW HITPOINT WARNING * * *
Unknown command.
You hear the slow hiss of an avalanche of sand nearby.
The foxfire hits the jackal.
The jackal is almost dead.
The foxfire hits the jackal.
You kill the jackal!
Edmund throws a boomerang.
The boomerang misses you.
As you read the scroll of teleportation, it crumbles to dust.
You feel strangely unstable.
Edmund throws a boomerang.
The boomerang misses you.
Unknown command.
Edmund throws a boomerang.
The boomerang hits you!
* * * LOW HITPOINT WARNING * * *
Edmund throws a boomerang.
The boomerang hits you.
You die...

#.##....####+###
#..+....# #
#.##.†..####.###
#...............
#.@.#.#.#.#.#.#.
#####...............
#.........⌠.....⌠...
#............_......
#..@......⌠.....⌠...
#...................
#######.#.#.#.#.#.#.
#........†....
###.......####
#.>.....'...
###.....#### #######
# #


You could see Edmund (strong).

Vanquished Creatures
  A phantom (D:2)
  A howler monkey (D:4)
  A hound (D:4)
  An orc priest (D:4)
  An iguana (D:4)
  2 orc wizards
  3 adders
  A worm (D:2)
  4 dart slugs
  6 orcs
  6 ball pythons
  3 bats
  5 endoplasms
  3 giant cockroaches
  8 goblins
  4 jackals
  3 quokkas
  2 frilled lizards
  4 kobolds
  11 rats
70 creatures vanquished.

Vanquished Creatures (collateral kills)
  2 foxfires (D:1)
2 creatures vanquished.

Vanquished Creatures (others)
  300 foxfires
  4 toadstools (D:3)
304 creatures vanquished.

Grand Total: 376 creatures vanquished

Notes
Turn   | Place    | Note
-------+----------+-------------------------------------------
     0 | D:1      | robertstho the Djinni Fire Elementalist began the quest for
                  | the Orb.
     0 | D:1      | Reached XP level 1. HP: 15/15 MP: 0/0
   754 | D:1      | Reached XP level 2. HP: 17/22 MP: 0/0
  1216 | D:1      | Found a faded altar of an unknown god.
  1662 | D:2      | Noticed a phantom
  1672 | D:2      | Reached skill level 3 in Spellcasting
  1672 | D:2      | HP: 1/22 [phantom (5)]
  1673 | D:2      | Killed a phantom
  1674 | D:2      | Reached XP level 3. HP: 1/26 MP: 0/0
  1674 | D:2      | Learned a level 1 spell: Animate Skeleton
  1674 | D:2      | Reached XP level 4. HP: 2/31 MP: 0/0
  1680 | D:2      | Reached XP level 5. HP: 1/36 MP: 0/0
  1680 | D:2      | Learned a level 2 spell: Blink
  2122 | D:2      | Reached skill level 4 in Spellcasting
  3412 | D:3      | Reached XP level 6. HP: 34/41 MP: 0/0
  3801 | D:4      | Noticed Edmund
  3810 | D:4      | Noticed Menkaure
  3886 | D:4      | Found a white marble altar of Elyvilon.
  3908 | D:4      | Reached skill level 5 in Spellcasting
  3916 | D:4      | HP: 1/41 [Edmund/boomerang (10)]
  3917 | D:4      | Hit by a boomerang thrown by Edmund

Illustrated notes

Levels and vault maps discovered:
D:1:      lightli_arrival_boilingwater, layout_loops_ring,
          ebering_ecumenical_altar_petrified
D:2:      layout_rooms, minmay_crystal_room
D:3:      layout_loops_ring, minmay_gold_behind_fungi
D:4:      layout_basic, amcnicky_altar_gilded, elyvilon_altar_5,
          enter_ossuary_2, uniq_edmund, uniq_menkaure, uniq_crazy_yiuf_cottage

Skill      XL: |  1  2  3  4  5  6 |
---------------+-------------------+-----
Spellcasting   | 3 4 5 |  5.1
Stealth        | 2 |  2.0
Dodging        | 3 |  3.3
Fighting       | |  0.6

Action                   |  1- 3 |  4- 6 || total
-------------------------+-------+-------++-------
 Cast: Foxfire           |    62 |   126 ||   188
  Use: Potion            |       |     1 ||     1
       Scroll            |       |     7 ||     7
Armor: Robe              |     2 |       ||     2
Dodge: Dodged            |    10 |    11 ||    21

Table legend: (Time is in decaauts)
 A = Elapsed time spent in this place.
 B = Non-inter-level travel time spent in this place.
 C = Inter-level travel time spent in this place.
 D = Time resting spent in this place.
 E = Time spent auto-exploring this place.
 F = Levels seen in this place.
 G = Mean time per level.
                   A        B        C        D        E       F      G
               +--------+--------+--------+--------+--------+-----+--------+
         Total |   3914 |   3846 |     68 |    594 |   2776 |   4 |  978.5 |
       Dungeon |   3914 |   3846 |     68 |    594 |   2776 |   4 |  978.5 |
               +--------+--------+--------+--------+--------+-----+--------+

Top non-repeatable levels by time:
     D:1: 1617 daAuts
     D:2: 1175 daAuts
     D:3: 916 daAuts
     D:4: 205 daAuts
